 Dungeon Crawl Stone Soup version 0.23.2-30-g0e89c35649 (webtiles) character file.

Game seed: 12722258839799446921

1246 Mrkan the Cudgeler (level 8, -3/51 HPs)
             Began as a Gargoyle Fighter on June 23, 2019.
             Slain by an unseen horror (7 damage)
             ... on level 4 of the Dungeon.
             The game lasted 00:07:56 (3820 turns).

Mrkan the Cudgeler (Gargoyle Fighter)               Turns: 3820, Time: 00:07:57

Health: -3/51      AC: 15    Str: 21    XL:     8   Next: 50%
Magic:  8/8        EV:  6    Int:  8    God:
Gold:   249        SH: 10    Dex: 11    Spells: 7/7 levels left

rFire    . . .     SeeInvis .   a - +0 flail
rCold    . . .     Gourm    .   c - +0 shield
rNeg     + . .     Faith    .   k - +0 chain mail
rPois    ∞         Spirit   .   (no helmet)
rElec    +         Reflect  .   (no cloak)
rCorr    .         Harm     .   p - +0 pair of gloves
MR       .....                  (no boots)
Stlth    ..........             (no amulet)
HPRegen  0.17/turn              (no ring)
MPRegen  0.11/turn              (no ring)

@: no status effects
A: negative energy resistance 1, electricity resistance, unbreathing,
petrification resistance, rot immunity, AC +5
a: no special abilities


You were on level 4 of the Dungeon.
You were hungry.

You visited 1 branch of the dungeon, and saw 5 of its levels.
You also visited: Sewer.

You collected 249 gold pieces.

Inventory:

Hand Weapons
 a - a +0 flail (weapon)
Armour
 c - a +0 shield (worn)
 k - a +0 chain mail (worn)
 p - a +0 pair of gloves (worn)
Jewellery
 i - an uncursed ring of poison resistance {unknown}
 m - an uncursed amulet of the gourmand {unknown}
 s - a +2 ring of intelligence {unknown}
 y - an uncursed amulet of guardian spirit {unknown}
Wands
 r - a wand of paralysis (14)
 z - a wand of polymorph (1)
Scrolls
 h - 9 scrolls of identify {unknown}
 j - 3 scrolls of teleportation {unknown}
 n - a scroll of amnesia {unknown}
 o - 3 scrolls of magic mapping {unknown}
 q - 5 scrolls of remove curse {unknown}
 A - a scroll of enchant weapon {unknown}
Potions
 b - a potion of magic {unknown}
 d - 2 potions of curing {unknown}
 e - 2 potions of mutation {unknown}
 g - a potion of lignification {unknown}
 l - 2 potions of heal wounds {unknown}
 t - a potion of degeneration {unknown}
 u - 3 potions of brilliance {unknown}
 v - 2 potions of might
 w - 3 potions of flight {unknown}
 x - 2 potions of agility {unknown}
 C - a potion of ambrosia {unknown}
Comestibles
 f - 11 rations


   Skills:
 + Level 6.3 Fighting
 * Level 7.3 Maces & Flails
 - Level 3.2 Armour
 + Level 6.3 Shields


You had 7 spell levels left.
You didn't know any spells.
Your spell library was empty.

Dungeon Overview and Level Annotations

Branches:
Dungeon (5/15)
 Temple: D:4-7

Altars:
Ru


Innate Abilities, Weirdness & Mutations

You are resistant to torment.
Your stone body is resilient. (AC +5)
You are immune to poison.
You resist negative energy. (rN+)
You are resistant to electric shocks. (rElec)
You can survive without breathing.
You are immune to petrification.
You are immune to rotting.


Message History

The crimson imp completely misses you. Something hits you but does no damage.
You hit the crimson imp.
The crimson imp is almost dead.
You block something's attack. The crimson imp barely misses you.
You miss the crimson imp.
The crimson imp is almost dead.
Something hits you!
* * * LOW HITPOINT WARNING * * *
The crimson imp hits you.
* * * LOW HITPOINT WARNING * * *
You block the crimson imp's attack.
You hit the crimson imp but do no damage.
The crimson imp is severely wounded.
Something hits you.
* * * LOW HITPOINT WARNING * * *
You block the crimson imp's attack.
You closely miss the crimson imp.
The crimson imp is severely wounded.
Something hits you!
You die...

#.# #.######## ################
#.........
#..............#############.
#........#####.#.............
#........#...#.#.############
#........###>#.#.#####
#............#.#.....#
####)......####@#.##############
#..+...........5#..............#
##.##.......####.##############.#
#...........# #.#.....########.#
#...........# #.....#...........
#...........## #.....##########.#
#............# #..<..####### #.#
#............# #...........# #[#
#............###.....#####.####.#


You could see a crimson imp.

Vanquished Creatures
  Grinder (D:4)
  An ice beast (D:5)
  2 ogres (D:4)
  3 big kobolds (Sewer)
  A scorpion (D:4)
  A crimson imp (D:5)
  A bullfrog zombie (D:5)
  A hound (D:4)
  3 orc priests
  3 orc wizards (D:4)
  3 worker ants (D:4)
  A river rat (D:3)
  7 adders
  An ooze (D:4)
  4 worms
  2 dart slugs (D:2)
  6 orcs
  11 bats
  7 giant cockroaches
  7 goblins
  7 hobgoblins
  3 jackals (D:1)
  2 quokkas
  3 ball pythons
  9 frilled lizards
  14 kobolds
  10 rats
114 creatures vanquished.

Notes
Turn   | Place    | Note
-------+----------+-------------------------------------------
     0 | D:1      | Mrkan the Gargoyle Fighter began the quest for the Orb.
     0 | D:1      | Reached XP level 1. HP: 14/14 MP: 1/1
   117 | D:1      | Reached XP level 2. HP: 19/19 MP: 2/2
   414 | D:1      | Reached XP level 3. HP: 20/23 MP: 3/3
   822 | D:2      | Reached skill level 3 in Maces & Flails
  1162 | D:3      | Found a sacrificial altar of Ru.
  1204 | D:3      | Reached XP level 4. HP: 29/29 MP: 4/4
  1241 | D:3      | Reached XP level 5. HP: 3/33 MP: 5/5
  1556 | D:3      | Reached skill level 4 in Maces & Flails
  1689 | D:3      | Found a glowing drain.
  1698 | Sewer    | Entered a sewer
  1719 | Sewer    | Noticed a big kobold
  1735 | Sewer    | Killed a big kobold
  1735 | Sewer    | Reached XP level 6. HP: 39/39 MP: 6/6
  2001 | Sewer    | Reached skill level 5 in Maces & Flails
  2249 | D:4      | Reached skill level 5 in Shields
  2258 | D:4      | Reached skill level 5 in Fighting
  2258 | D:4      | Reached XP level 7. HP: 19/44 MP: 7/7
  2589 | D:4      | Reached skill level 6 in Maces & Flails
  2758 | D:4      | Noticed Grinder
  2761 | D:4      | Paralysed by Grinder for 3 turns
  2769 | D:4      | Paralysed by Grinder for 7 turns
  2785 | D:4      | Paralysed by Grinder for 4 turns
  2804 | D:4      | Paralysed by Grinder for 2 turns
  2817 | D:4      | Killed Grinder
  2817 | D:4      | Reached XP level 8. HP: 46/51 MP: 8/8
  3147 | D:4      | Reached skill level 7 in Maces & Flails
  3444 | D:5      | Entered Level 5 of the Dungeon
  3820 | D:4      | Slain by an unseen horror

Skill      XL: |  1  2  3  4  5  6  7  8 |
---------------+-------------------------+-----
Maces & Flails | 3 4 5 6 7 |  7.3
Fighting       | 4 5 6 |  6.3
Shields        | 4 5 6 |  6.3
Armour         | |  3.2

Action                   |  1- 3 |  4- 6 |  7- 9 || total
-------------------------+-------+-------+-------++-------
Melee: Flail             |   137 |   200 |   177 ||   514
       Unarmed           |       |       |    14 ||    14
  Use: Potion            |       |     2 |       ||     2
  Eat: Chunk             |     1 |     4 |     5 ||    10
Armor: Scale mail        |    34 |       |       ||    34
       Chain mail        |   101 |   232 |   141 ||   474
       Skin              |       |       |     3 ||     3
Dodge: Dodged            |    59 |    88 |    52 ||   199
Block: Shield            |    79 |   186 |   102 ||   367
